 Dungeon Crawl Stone Soup version 0.17.1-3-g152610e (webtiles) character file.

1729 williamiamiam the Magician (level 8, -4/59 HPs)
             Began as a Grey Draconian Fire Elementalist on Mar 30, 2016.
             Was a Believer of Sif Muna.
             Slain by an orc warrior
             ... wielding a +0 halberd
              (7 damage)
             ... on level 8 of the Dungeon.
             The game lasted 01:26:16 (6662 turns).

williamiamiam the Magician (DrFE)                   Turns: 6662, Time: 01:26:16

Health: -4/59      AC: 16    Str: 10    XL:     8   Next: 76%
Magic:  2/17       EV: 13    Int: 17    God:    Sif Muna [**....]
Gold:   328        SH:  4    Dex: 13    Spells: 5 memorised, 7 levels left

rFire  . . .     SeeInvis .     C - +1 falchion (holy)
rCold  . . .     Clarity  .     (armour unavailable)
rNeg   + + .     SustAt   +     d - +0 buckler
rPois  .         Gourm    .     x - +2 hat
rElec  .         Spirit   .     (no cloak)
rCorr  .         Warding  +     (no gloves)
rMut   .         Stasis   .     f - +2 pair of boots
MR     .....                    m - amulet of warding
Stlth  ++........               q - ring of sustain attributes
                                g - ring of positive energy

@: very slightly contaminated, not resistant to hostile enchantments, unstealthy
A: walk through water, unfitting armour, unbreathing, cold-blooded, AC +11
a: Channel Energy, Forget Spell, Renounce Religion


You were on level 8 of the Dungeon.
You worshipped Sif Muna.
Sif Muna was pleased with you.
You were not hungry.

You visited 2 branches of the dungeon, and saw 9 of its levels.

You collected 328 gold pieces.

Inventory:

Hand Weapons
 s - a +0 short sword
 C - a +1 falchion of holy wrath (weapon)
 E - a +1 flail of protection
 J - the +4 falchion of Megalomania {antimagic, rC+ Int+3, unknown}
   (You found it on level 8 of the Dungeon)

   It disrupts the flow of magical energy around spellcasters and certain
   magical creatures (including the wielder).
   It affects your intelligence (+3).
   It protects you from cold.
Armour
 d - a +0 buckler (worn)
 f - a +2 pair of boots (worn)
 l - a cursed -2 robe
 x - a +2 hat (worn)
Jewellery
 g - a ring of positive energy (left hand)
 m - an amulet of warding (around neck)
 n - an uncursed ring of positive energy
 q - a ring of sustain attributes (right hand)
 B - an uncursed amulet of the gourmand
Wands
 z - a wand of flame (20)
 D - a wand of fireball (5)
 I - a wand of flame (35)
Scrolls
 c - 5 scrolls of remove curse
 h - 9 scrolls of teleportation
 i - 2 scrolls of recharging {unknown}
 k - 3 scrolls of fear
 o - a scroll of amnesia
 p - 2 scrolls of blinking {unknown}
 u - a scroll of enchant weapon {unknown}
 y - a scroll of noise {unknown}
 G - a scroll of holy word {unknown}
Potions
 b - 2 potions of ambrosia {unknown}
 e - 8 potions of curing
 j - a potion of cure mutation
 r - 2 potions of flight {unknown}
 F - a potion of haste {unknown}
Books
 a - a book of Flames

   Spells                             Type                      Level
   a - Flame Tongue                   Conjuration/Fire             1
   b - Throw Flame                    Conjuration/Fire             2
   c - Conjure Flame                  Conjuration/Fire             3
   d - Inner Flame                    Hexes/Fire                   3
   e - Sticky Flame                   Conjuration/Fire             4
   f - Fireball                       Conjuration/Fire             5
 H - a book of the Warp

   Spells                             Type                      Level
   a - Recall                         Summoning/Translocation      3
   b - Gell's Gravitas                Hexes/Translocation          3
   c - Force Lance                    Conjuration/Translocation    4
   d - Phase Shift                    Translocation                5
   e - Warp Weapon                    Charms/Translocation         5
   f - Summon Forest                  Summoning/Translocation      5
Comestibles
 t - 6 bread rations
 w - a slice of pizza


   Skills:
 + Level 1.3 Fighting
 + Level 1.1(1.4) Short Blades
 + Level 1.3(1.5) Long Blades
   Level 0.2 Axes
 + Level 0.3 Throwing
 + Level 4.3 Dodging
 + Level 2.3 Stealth
 + Level 1.1 Shields
 * Level 6.2 Spellcasting
 * Level 4.9 Conjurations
 * Level 6.0 Fire Magic


You had 7 spell levels left.
You knew the following spells:

 Your Spells              Type           Power        Failure   Level  Hunger
a - Flame Tongue          Conj/Fire      ###..        1%          1    None
b - Gell's Gravitas       Hex/Tloc       #.........   58%         3    ##.....
c - Throw Flame           Conj/Fire      ###...       2%          2    None
d - Conjure Flame         Conj/Fire      ###.....     8%          3    ##.....
e - Inner Flame           Hex/Fire       ###.....     17%         3    ##.....


Dungeon Overview and Level Annotations

Branches:
Dungeon (8/15)             Temple (1/1) D:5
   Lair: D:8-11

Altars:
Ashenzari
Cheibriados
Gozag
Qazlal
Sif Muna
The Shining One

Shops:
D:7 [

Annotations:
D:4 attackplan's ghost, novice OgBe


Innate Abilities, Weirdness & Mutations

You can walk through water.
Your dull iron-grey scales are very hard (AC +11).
Your body does not fit into most forms of armour.
You can survive without breathing.
You are cold-blooded and may be slowed by cold attacks.


Message History

The orc warrior hits you with a halberd!
You hit the orc warrior but do no damage.
The orc warrior is moderately wounded.
You block the orc warrior's attack.
You hit the orc warrior.
You tail-slap the orc warrior, but do no damage.
The orc warrior is heavily wounded.
The orc warrior closely misses you.
You hit the orc warrior but do no damage.
The orc warrior is heavily wounded.
The orc warrior hits you with a halberd!!
* * * LOW HITPOINT WARNING * * *
You closely miss the orc warrior.
Your tail-slap misses the orc warrior.
The orc warrior is heavily wounded.
The orc warrior hits you with a halberd.
* * * LOW HITPOINT WARNING * * *
As you read the scroll of fog, it crumbles to dust.
The scroll dissolves into smoke.
The orc warrior hits you with a halberd!
You die...

.....# ....## # $o>..#
#. .o..# #. #c..#
####.# #...# ...<.
#...# #..#####...#
#(.§§@o§...# #..#
#.##.#####.#.# #..#
#.##.# #(..# #..#
#.##.# #..## #..####
#.##(# #..# ......#
#.##.# #..#
#..##.####.##<# #..#
#..##....#<##.#####..#
#..##................#


You could see an orc warrior.

Vanquished Creatures
  An ogre (D:4)
  2 ice beasts (D:7)
  2 phantoms
  A centaur (D:8)
  2 giant frogs (D:7)
  3 scorpions
  A crimson imp (D:6)
  2 giant frog zombies
  5 hounds
  An orc priest (D:8)
  A giant frog skeleton (D:8)
  Natasha (twice) (D:2)
  An iguana (D:4)
  10 worker ants
  4 gnolls (D:5)
  A worker ant zombie (D:7)
  10 adders
  A shadow imp (D:7)
  2 oozes (D:2)
  An adder skeleton (D:4)
  2 worms (D:3)
  3 giant geckos
  22 orcs
  5 giant cockroaches
  8 goblins
  9 hobgoblins
  12 jackals
  9 kobolds
  A ball python (D:3)
  13 bats
  7 giant newts
  4 quokkas
  12 rats
160 creatures vanquished.

Notes
Turn   | Place    | Note
--------------------------------------------------------------
     0 | D:1      | williamiamiam the Draconian Fire Elementalist began the quest for the Orb.
     0 | D:1      | Reached XP level 1. HP: 14/14 MP: 3/3
   207 | D:1      | Reached XP level 2. HP: 20/20 MP: 1/5
   574 | D:1      | Reached XP level 3. HP: 26/26 MP: 2/6
  1200 | D:2      | Noticed Natasha
  1213 | D:2      | Killed Natasha
  1213 | D:2      | Reached XP level 4. HP: 34/34 MP: 2/8
  1306 | D:2      | Noticed Natasha
  1326 | D:2      | Killed Natasha
  1431 | D:2      | Found a shattered altar of Ashenzari.
  2032 | D:3      | Reached XP level 5. HP: 32/39 MP: 0/9
  2369 | D:4      | Found a snail-covered altar of Cheibriados.
  2395 | D:4      | Noticed attackplan's ghost (novice OgBe)
  2788 | D:4      | Noticed an ogre
  2811 | D:4      | Reached skill level 4 in Fire Magic
  2858 | D:4      | Killed an ogre
  2858 | D:4      | Reached XP level 6. HP: 10/46 MP: 0/11
  3626 | D:4      | Found a deep blue altar of Sif Muna.
  3670 | D:4      | Reached skill level 1 in Fighting
  3782 | D:4      | Noticed a phantom
  3909 | D:4      | Killed a phantom
  4043 | D:5      | Entered Level 5 of the Dungeon
  4048 | D:5      | Your scales start taking on a dull iron-grey colour.
  4048 | D:5      | Gained mutation: You can survive without breathing. [Grey Draconian growth]
  4048 | D:5      | Reached XP level 7. HP: 47/52 MP: 9/13
  4148 | D:4      | Became a worshipper of Sif Muna the Loreminder
  4217 | D:5      | Found a glowing golden altar of the Shining One.
  4315 | D:5      | Found a staircase to the Ecumenical Temple.
  4321 | Temple   | Entered the Ecumenical Temple
  4751 | D:5      | Reached skill level 1 in Short Blades
  5185 | D:6      | Reached skill level 5 in Fire Magic
  5384 | D:6      | Reached * piety under Sif Muna
  5460 | D:6      | Found a stormy altar of Qazlal.
  5802 | D:7      | Reached XP level 8. HP: 59/59 MP: 9/15
  5805 | D:7      | Reached skill level 5 in Spellcasting
  5816 | D:7      | Reached skill level 1 in Shields
  5974 | D:7      | Learned a level 3 spell: Gell's Gravitas
  5977 | D:7      | Learned a level 2 spell: Throw Flame
  5981 | D:7      | Learned a level 3 spell: Conjure Flame
  6001 | D:7      | Learned a level 3 spell: Inner Flame
  6018 | D:7      | Reached skill level 1 in Long Blades
  6268 | D:7      | Found Xiexzom's Armour Shop.
  6460 | D:8      | Reached skill level 6 in Spellcasting
  6471 | D:8      | Reached ** piety under Sif Muna
  6563 | D:8      | Got a fine falchion
  6662 | D:8      | Slain by an orc warrior

Action                   |  1- 3 |  4- 6 |  7- 9 || total
-------------------------+-------+-------+-------++-------
Melee: Hand axe          |    36 |    12 |       ||    48
       Short sword       |       |    88 |    22 ||   110
       Quarterstaff      |       |     7 |       ||     7
       Falchion          |       |       |    69 ||    69
Throw: Throwing net      |     2 |     2 |       ||     4
 Cast: Flame Tongue      |    64 |   153 |   154 ||   371
       Throw Flame       |       |       |    14 ||    14
       Conjure Flame     |       |       |     1 ||     1
Invok: Channel Energy    |       |       |     2 ||     2
  Use: Scroll            |     4 |     4 |     5 ||    13
       Potion            |       |     3 |     1 ||     4
  Eat: Bread ration      |     1 |       |     1 ||     2
       Beef jerky        |       |     1 |     1 ||     2
       Meat ration       |       |     1 |       ||     1
       Fruit             |       |       |     3 ||     3
